 Dungeon Sprint DCSS version 0.27-a0-1202-ge72e49191c (webtiles) character file.

Game seed: 10978017288876964059

661 mhtbhm the Thaumaturge (level 7, -1/38 HPs)
             Began as a Deep Elf Earth Elementalist on June 3, 2021.
             Was a High Priest of Vehumet.
             Slain by a death yak (12 damage)
             ... in the Dungeon (Sprint VII: "The Pits").
             The game lasted 00:03:12 (1303 turns).

mhtbhm the Thaumaturge (DEEE)                       Turns: 1303, Time: 00:03:12

Health: -1/38      AC:  2    Str:  5    XL:     7   Next: 30%
Magic:  6/26       EV: 14    Int: 22    God:    Vehumet [*****.]
Gold:   0          SH:  0    Dex: 15    Spells: 19/33 levels left

rFire    . . .     SeeInvis .   l - +1 dagger (venom)
rCold    . . .     Faith    .   (no shield)
rNeg     . . .     Spirit   .   c - +0 robe
rPois    .         Reflect  .   (no helmet)
rElec    .         Harm     .   (no cloak)
rCorr    .         Rampage  .   (no gloves)
Will     .....     NoTele   +   (no boots)
Stlth    +++.......             (no amulet)
HPRegen  0.12/turn              (no ring)
MPRegen  0.20/turn              (no ring)

@: no status effects
A: no striking features
a: Renounce Religion


You were in the Dungeon.
You worshipped Vehumet.
Vehumet was extremely pleased with you.
You visited 1 branch

Inventory:

Hand Weapons
 l - a +1 dagger of venom (weapon)
Armour
 c - a +0 robe (worn)
Scrolls
 i - a scroll of blinking
 j - 5 scrolls of amnesia
 k - a scroll of summoning
Potions
 a - 2 potions of invisibility
 d - 3 potions of curing
 e - 4 potions of heal wounds
 f - a potion of haste
 g - 4 potions of magic
 h - 3 potions of berserk rage


   Skills:
 + Level 1.2 Fighting
 + Level 1.4 Short Blades
 + Level 4.7 Dodging
 + Level 4.0 Stealth
 + Level 13.6 Spellcasting
 + Level 1.1 Transmutations
 + Level 12.0 Earth Magic


You had 19 spell levels left.
You knew the following spells:

 Your Spells              Type           Power      Damage    Failure   Level
a - Sandblast             Erth           100%       2d20      1%          1
b - Freeze                Ice            56%        1d7       1%          1
c - Stone Arrow           Conj/Erth      82%        3d12      1%          3
d - Petrify               Tmut/Erth      43%        N/A       2%          4
e - Lee's Rapid Deconstr  Erth           30%        3d17*     1%          5

Your spell library contained the following spells:

 Spells                   Type           Power      Damage    Failure   Level
 Iskenderun's Mystic Bla  Conj/Tloc      14%        2d5       11%         4
 Passwall                 Tmut/Erth      35%        N/A       1%          2


Dungeon Overview and Level Annotations

Branches:
Dungeon (1/1)

Altars:
Ashenzari
Cheibriados
Dithmenos
Elyvilon
Fedhas
Gozag
Hepliaklqana
Kikubaaqudgha
Makhleb
Nemelex Xobeh
Okawaru
Qazlal
Ru
Sif Muna
Trog
Uskayaw
Vehumet
Wu Jian
Xom
Yredelemnul
Zin
The Shining One
Beogh
Jiyva
Lugonu


Message History

You kill the scorpion!
Vehumet accepts your kill.
Vehumet offers you knowledge of Iskenderun's Mystic Blast.
Your Earth Magic skill increases to level 12!
Unknown command.
Casting: Lee's Rapid Deconstruction (dangerous; 1% risk of failure)
Confirm with . or Enter, or press ? or * to list all spells.
Aiming: Lee's Rapid Deconstruction (dangerous; 1% risk of failure)
Press: ? - help, Dir - move target, f - death yak Fragment what (e.g. wall or brittle monster)?: a death yak (heavily wounded)
An open door.
The stone door frame shatters!
The blast of rock fragments hits the death yak!!
The death yak is severely wounded.
Unknown command.
Unknown command.
Unknown command.
Casting: Lee's Rapid Deconstruction (dangerous; 1% risk of failure)
Confirm with . or Enter, or press ? or * to list all spells.
Aiming: Lee's Rapid Deconstruction (dangerous; 1% risk of failure)
Press: ? - help, Dir - move target, f/p - death yak Fragment what (e.g. wall or brittle monster)?: a death yak (severely wounded)
An open door.
The stone door frame shatters!
The blast of rock fragments hits the death yak.
The death yak is severely wounded.
The death yak gores you!!
Ouch! That really hurt!
* * * LOW HITPOINT WARNING * * *
Unknown command.
Unknown command.
Unknown command.
Casting: Lee's Rapid Deconstruction (dangerous; 1% risk of failure)
Confirm with . or Enter, or press ? or * to list all spells.
Aiming: Petrify (dangerous; 2% risk of failure)
Press: ? - help, Shift-Dir - straight line, f/p - death yak
Aim: a death yak (severely wounded, chance to affect: 9%)
The death yak resists with almost no effort.
The death yak gores you!
You die...

#.#........##.......#
#'###########.......#
#.).....#.. #########
#...#...#.# ####
#...#...#.#....#
#.##.##.#'#....#
#...#...#֠.Y..+
#...#...#Y#...H#
#.......'@# ...#
########### ###


You could see a death yak.

Vanquished Creatures
  A floating eye (D)
  A wolf (D)
  2 phantoms (D)
  A scorpion (D)
  3 wights (D)
  A crimson imp (D)
  An orc priest (D)
  An iron imp (D)
  An orc wizard (D)
  2 ufetubi (D)
  2 orcs (D)
  2 endoplasms (D)
  3 jackals (D)
  A quokka (D)
  2 ball pythons (D)
  A ball python zombie (D)
  A bat (D)
  2 frilled lizards (D)
28 creatures vanquished.

Notes
Turn   | Place    | Note
-------+----------+-------------------------------------------
     0 | D        | mhtbhm the Deep Elf Earth Elementalist began the quest for
                  | the Orb.
     0 | D        | Reached XP level 1. HP: 10/10 MP: 6/6
    34 | D        | Found a bloodstained altar of Trog.
    34 | D        | Found a shimmering blue altar of Sif Muna.
    34 | D        | Found a viscous altar of Jiyva.
    34 | D        | Found a hazy altar of Hepliaklqana.
    34 | D        | Found an opulent altar of Gozag.
    67 | D        | Found a glowing golden altar of the Shining One.
    67 | D        | Found a glowing silver altar of Zin.
    67 | D        | Found a basalt altar of Yredelemnul.
    67 | D        | Found a shimmering altar of Xom.
    67 | D        | Found an ornate altar of the Wu Jian Council.
    67 | D        | Found a sacrificial altar of Ru.
    67 | D        | Found a stormy altar of Qazlal.
    67 | D        | Found an iron altar of Okawaru.
    67 | D        | Found a sparkling altar of Nemelex Xobeh.
    67 | D        | Found a burning altar of Makhleb.
    67 | D        | Found a blossoming altar of Fedhas.
    67 | D        | Found a white marble altar of Elyvilon.
    67 | D        | Found a shadowy altar of Dithmenos.
    67 | D        | Found a snail-covered altar of Cheibriados.
    69 | D        | Found a radiant altar of Vehumet.
    69 | D        | Found a corrupted altar of Lugonu.
    70 | D        | Found a hide-covered altar of Uskayaw.
    70 | D        | Found an ancient bone altar of Kikubaaqudgha.
    70 | D        | Found a broken altar of Ashenzari.
    77 | D        | Became a worshipper of Vehumet
   235 | D        | Reached * piety under Vehumet
   235 | D        | Offered knowledge of Freeze by Vehumet.
   242 | D        | Reached XP level 2. HP: 4/15 MP: 0/8
   547 | D        | Learned a level 1 spell: Freeze
   552 | D        | Reached ** piety under Vehumet
   552 | D        | Offered knowledge of Foxfire by Vehumet.
   558 | D        | Reached skill level 4 in Spellcasting
   595 | D        | Reached skill level 5 in Earth Magic
   765 | D        | Noticed a wight
   765 | D        | Noticed a crimson imp
   770 | D        | Noticed a wight
   779 | D        | Offered knowledge of Frozen Ramparts by Vehumet.
   779 | D        | Reached *** piety under Vehumet
   786 | D        | Killed a wight
   787 | D        | Reached skill level 6 in Spellcasting
   787 | D        | Reached XP level 3. HP: 11/19 MP: 5/12
   789 | D        | Reached skill level 7 in Spellcasting
   789 | D        | Reached XP level 4. HP: 14/24 MP: 4/15
   804 | D        | Reached **** piety under Vehumet
   805 | D        | Reached skill level 8 in Spellcasting
   819 | D        | Reached skill level 9 in Spellcasting
   819 | D        | Reached XP level 5. HP: 25/28 MP: 1/18
   962 | D        | Offered knowledge of Ignite Poison by Vehumet.
   966 | D        | Reached skill level 10 in Spellcasting
   974 | D        | Reached ***** piety under Vehumet
   975 | D        | Reached skill level 1 in Fighting
   975 | D        | Reached skill level 10 in Earth Magic
   979 | D        | Learned a level 3 spell: Stone Arrow
   984 | D        | Learned a level 4 spell: Petrify
   990 | D        | Learned a level 5 spell: Lee's Rapid Deconstruction
  1007 | D        | Noticed a phantom
  1009 | D        | Killed a phantom
  1010 | D        | Reached skill level 11 in Spellcasting
  1010 | D        | Reached XP level 6. HP: 31/34 MP: 13/22
  1062 | D        | Reached skill level 1 in Short Blades
  1062 | D        | Reached skill level 12 in Spellcasting
  1064 | D        | Noticed a floating eye
  1065 | D        | Killed a floating eye
  1066 | D        | Reached XP level 7. HP: 38/38 MP: 16/25
  1067 | D        | Reached skill level 13 in Spellcasting
  1297 | D        | Noticed a death yak
  1297 | D        | Noticed a manticore
  1300 | D        | Offered knowledge of Iskenderun's Mystic Blast by Vehumet.
  1303 | D        | Slain by a death yak

Illustrated notes

Levels and vault maps discovered:
D:        pitsprint [storerooms_1, entrance_room_1, metal_vault_8, armoury_3,
          mini_pit_1, grid_room_1, main_hall_1, silver_pit, the_coven_1,
          the_vestibule_1, steel_vault_3, golden_pit, hallway_of_sentries,
          crystal_vault_6, iron_vault_1, final_vault]

Skill      XL: |  1  2  3  4  5  6  7 |
---------------+----------------------+-----
Earth Magic    | 4 6 7 8 10 11 12 | 12.0
Stealth        | 3 4 |  4.0
Spellcasting   | 6 7 9 11 12 13 | 13.6
Dodging        | 3 4 |  4.7
Fighting       | 1 |  1.2
Short Blades   | 1 |  1.4
Transmutations | |  1.1

Action                   |  1- 3 |  4- 6 |  7- 9 || total
-------------------------+-------+-------+-------++-------
Melee: Dagger            |       |    10 |       ||    10
 Cast: Sandblast         |    24 |    16 |       ||    40
       Freeze            |     1 |       |       ||     1
       Lee's Rapid Decon |       |     4 |     4 ||     8
       Petrify           |       |       |     1 ||     1
  Use: Potion            |       |     5 |       ||     5
Armor: Robe              |     2 |     1 |       ||     3
Dodge: Dodged            |     5 |     6 |       ||    11

Table legend: (Time is in decaauts)
 A = Elapsed time spent in this place.
 B = Non-inter-level travel time spent in this place.
 C = Inter-level travel time spent in this place.
 D = Time resting spent in this place.
 E = Time spent auto-exploring this place.
 F = Levels seen in this place.
 G = Mean time per level.
                   A        B        C        D        E       F      G
               +--------+--------+--------+--------+--------+-----+--------+
         Total |   1302 |   1302 |      0 |   1005 |     42 |   1 | 1302.0 |
       Dungeon |   1302 |   1302 |      0 |   1005 |     42 |   1 | 1302.0 |
               +--------+--------+--------+--------+--------+-----+--------+

Top non-repeatable levels by time:
       D: 1302 daAuts
